[ AOE2 MATCH · #478015452 ]
UnrankedMuisca vs Mongols
[ REPLAY ANALYSIS · EXTRACTED FROM THE RECORDED GAME ]
Feudal
11:40
Castle
16:04
Imperial
36:23
| APM avg | 35.7 |
| APM peak | 74 |
| eAPM avg | 16.3 |
| Villagers / military | 137 / 278 |
Focus
⚔️ 41.7% · 🌾 58.3%
Archer ×231 · Unknown (2550) ×76 · Skirmisher ×45 · Unknown (2586) ×11 · Unknown (2562) ×5 · Monk ×1
Feudal
8:00
Castle
15:17
Imperial
36:52
| APM avg | 44.6 |
| APM peak | 96 |
| eAPM avg | 26.6 |
| Villagers / military | 285 / 343 |
Focus
⚔️ 47.7% · 🌾 52.3%
Militia ×150 · Spearman ×82 · Karambit Warrior ×76 · Bombard Cannon ×12 · Mangonel ×9 · Petard ×7
Feudal
12:12
Castle
16:02
Imperial
33:13
| APM avg | 32.3 |
| APM peak | 71 |
| eAPM avg | 21.9 |
| Villagers / military | 190 / 361 |
Focus
⚔️ 48.2% · 🌾 51.8%
Scout Cavalry ×197 · Battering Ram ×80 · Scorpion ×73 · Mangonel ×5 · Monk ×4 · Mangudai ×1
Feudal
10:43
Castle
15:40
Imperial
37:45
| APM avg | 42.2 |
| APM peak | 93 |
| eAPM avg | 22.7 |
| Villagers / military | 135 / 358 |
Focus
⚔️ 34.2% · 🌾 65.8%
Scout Cavalry ×178 · Ratha (Ranged) ×97 · Battle Elephant ×78 · Trebuchet (Packed) ×4 · Mangonel ×1
Feudal
11:23
Castle
14:53
Imperial
31:06
| APM avg | 32.7 |
| APM peak | 65 |
| eAPM avg | 14.6 |
| Villagers / military | 167 / 317 |
Focus
⚔️ 30.9% · 🌾 69.1%
Cavalry Archer ×191 · Scout Cavalry ×120 · Trade Cart ×10 · Mangonel ×3 · Bombard Cannon ×3
Feudal
10:56
Castle
14:43
Imperial
29:05
| APM avg | 48.4 |
| APM peak | 86 |
| eAPM avg | 16.3 |
| Villagers / military | 122 / 364 |
Focus
⚔️ 43.8% · 🌾 56.2%
Spearman ×257 · Hand Cannoneer ×55 · Bombard Cannon ×42 · Trade Cart ×22 · Hussite Wagon ×4 · Monk ×2
Feudal
11:22
Castle
15:17
Imperial
33:04
| APM avg | 22.0 |
| APM peak | 43 |
| eAPM avg | 12.6 |
| Villagers / military | 160 / 381 |
Focus
⚔️ 28.6% · 🌾 71.4%
Scout Cavalry ×245 · Camel Scout ×111 · Trebuchet (Packed) ×9 · Bombard Cannon ×8 · Armored Elephant ×6 · Mangonel ×1
Feudal
11:24
Castle
15:02
Imperial
29:39
| APM avg | 34.8 |
| APM peak | 76 |
| eAPM avg | 20.5 |
| Villagers / military | 156 / 551 |
Focus
⚔️ 36.9% · 🌾 63.1%
Scout Cavalry ×298 · Cavalry Archer ×161 · Knight ×81 · Monk ×6 · Trebuchet (Packed) ×5
Match map
Initial resources + every placement click. Lines = walls · curves = elevation contours. ◆ gold · ⬟ stone · ● berries · ✦ relic · ◌ wall gap
Your base· ✓ Closed at 16:04 · 0t walls · 3 gate(s)
Morty2's base· ✓ Closed at 15:17 · 0t walls · 3 gate(s)
dst's base· ✓ Closed at 16:02 · 0t walls · 3 gate(s)
Avenger's base· ✓ Closed at 15:40 · 0t walls · 2 gate(s)
PEPPA's base· ✓ Closed at 14:53 · 0t walls · 2 gate(s)
BSL | Afterlife's base· ✓ Closed at 14:43 · 0t walls · 3 gate(s)
pints007's base· ✓ Closed at 15:17 · 0t walls · 2 gate(s)
FraGStaR's base· ✓ Closed at 15:02 · 0t walls · 2 gate(s)
Smoothed initial terrain · ◌ = detected wall gap · hover for details
Inputs per minute
— TRush - - Morty2
Build order — TRush
First 150 of 499 actions detected
| 0:01 | Create | Villager (Male) |
| 0:02 | Create | Villager (Male) |
| 0:02 | Create | Villager (Male) |
| 0:02 | Create | Villager (Male) |
| 0:02 | Create | Villager (Male) |
| 0:04 | Build | House |
| 0:05 | Build | House |
| 1:34 | Create | Villager (Male) |
| 1:52 | Build | Settlement |
| 2:05 | Create | Villager (Male) |
| 2:27 | Create | Villager (Male) |
| 2:57 | Create | Villager (Male) |
| 3:29 | Create | Villager (Male) |
| 3:50 | Create | Villager (Male) |
| 4:30 | Create | Villager (Male) |
| 4:30 | Create | Villager (Male) |
| 5:03 | Create | Villager (Male) |
| 5:23 | Create | Villager (Male) |
| 5:46 | Create | Villager (Male) |
| 5:56 | Build | Settlement |
| 6:10 | Create | Villager (Male) |
| 6:18 | Create | Villager (Male) |
| 7:04 | Create | Villager (Male) |
| 7:35 | Build | Settlement |
| 7:38 | Create | Villager (Male) |
| 8:04 | Create | Villager (Male) |
| 8:18 | Create | Villager (Male) |
| 8:54 | Create | Villager (Male) |
| 8:56 | Research | Feudal Age |
| 9:11 | Build | Barracks |
| 9:51 | Build | Farm |
| 10:08 | Build | Farm |
| 10:10 | Build | Farm |
| 10:27 | Build | House |
| 10:40 | Create | Villager (Male) |
| 10:40 | Create | Villager (Male) |
| 10:51 | Build | Farm |
| 11:40 | Age | Feudal Age |
| 11:43 | Build | Blacksmith |
| 11:52 | Build | Archery Range |
| 12:09 | Create | Villager (Male) |
| 12:34 | Build | House |
| 12:45 | Create | Archer |
| 12:45 | Create | Archer |
| 13:04 | Build | Farm |
| 13:24 | Research | Castle Age |
| 13:43 | Research | Fletching |
| 13:49 | Create | Archer |
| 14:10 | Build | Archery Range |
| 14:15 | Create | Archer |
| 14:42 | Create | Villager (Male) |
| 15:12 | Create | Archer |
| 15:12 | Create | Archer |
| 15:16 | Build | House |
| 15:29 | Create | Archer |
| 16:04 | Age | Castle Age |
| 16:13 | Create | Villager (Male) |
| 16:29 | Build | Settlement |
| 16:32 | Build | Farm |
| 16:35 | Build | Farm |
| 16:54 | Research | Crossbowman (upgrade) |
| 17:14 | Research | Bodkin Arrow |
| 17:17 | Create | Villager (Male) |
| 17:21 | Build | Farm |
| 17:24 | Build | Farm |
| 17:29 | Build | Farm |
| 17:34 | Build | Farm |
| 17:36 | Build | Farm |
| 17:39 | Build | Farm |
| 17:43 | Build | Farm |
| 17:54 | Create | Archer |
| 17:54 | Create | Archer |
| 17:55 | Create | Archer |
| 17:59 | Create | Villager (Male) |
| 18:03 | Create | Villager (Male) |
| 18:17 | Create | Archer |
| 18:22 | Create | Villager (Male) |
| 18:27 | Create | Villager (Male) |
| 18:44 | Create | Archer |
| 18:44 | Create | Archer |
| 18:50 | Build | House |
| 18:51 | Build | House |
| 19:43 | Create | Archer |
| 19:43 | Create | Archer |
| 19:51 | Create | Villager (Male) |
| 19:53 | Build | Farm |
| 19:59 | Research | Double-Bit Axe |
| 20:18 | Create | Villager (Male) |
| 20:19 | Create | Archer |
| 20:19 | Create | Archer |
| 21:10 | Create | Villager (Male) |
| 21:10 | Create | Villager (Male) |
| 21:11 | Create | Villager (Male) |
| 21:11 | Create | Villager (Male) |
| 21:12 | Create | Archer |
| 21:12 | Create | Archer |
| 21:14 | Build | House |
| 21:15 | Build | House |
| 21:17 | Research | Loom |
| 21:22 | Create | Villager (Male) |
| 22:12 | Create | Villager (Male) |
| 22:12 | Create | Villager (Male) |
| 22:14 | Create | Archer |
| 22:14 | Create | Archer |
| 22:15 | Create | Archer |
| 22:23 | Create | Villager (Male) |
| 22:31 | Build | Town Center |
| 22:32 | Create | Villager (Male) |
| 22:52 | Create | Villager (Male) |
| 23:00 | Create | Archer |
| 23:00 | Create | Archer |
| 23:01 | Create | Archer |
| 23:01 | Create | Archer |
| 23:07 | Build | House |
| 23:08 | Build | House |
| 23:33 | Create | Villager (Male) |
| 23:48 | Create | Villager (Male) |
| 23:58 | Create | Villager (Male) |
| 23:58 | Create | Villager (Male) |
| 23:59 | Create | Villager (Male) |
| 24:04 | Build | Town Center |
| 24:06 | Create | Villager (Male) |
| 24:16 | Create | Archer |
| 24:17 | Create | Archer |
| 24:33 | Create | Villager (Male) |
| 24:41 | Research | Wheelbarrow |
| 24:51 | Create | Villager (Male) |
| 25:06 | Build | University |
| 25:10 | Research | Horse Collar |
| 25:17 | Create | Villager (Male) |
| 25:22 | Create | Villager (Male) |
| 25:35 | Create | Archer |
| 26:04 | Create | Villager (Male) |
| 26:10 | Build | House |
| 26:11 | Build | House |
| 26:13 | Create | Villager (Male) |
| 26:17 | Build | Farm |
| 26:57 | Create | Villager (Male) |
| 26:57 | Create | Villager (Male) |
| 26:57 | Create | Villager (Male) |
| 26:58 | Create | Villager (Male) |
| 26:58 | Create | Villager (Male) |
| 26:58 | Create | Villager (Male) |
| 26:58 | Create | Villager (Male) |
| 26:59 | Create | Villager (Male) |
| 26:59 | Create | Villager (Male) |
| 27:02 | Build | House |
| 27:06 | Build | Farm |
| 27:07 | Build | Farm |
| 27:07 | Build | Farm |
Build order — Morty2
First 150 of 749 actions detected
| 0:00 | Create | Villager (Male) |
| 0:00 | Create | Villager (Male) |
| 0:00 | Create | Villager (Male) |
| 0:00 | Create | Villager (Male) |
| 0:00 | Create | Villager (Male) |
| 0:00 | Create | Villager (Male) |
| 0:02 | Build | House |
| 0:02 | Build | House |
| 1:08 | Create | Villager (Male) |
| 1:37 | Create | Villager (Male) |
| 1:53 | Build | Lumber Camp |
| 2:00 | Create | Villager (Male) |
| 2:14 | Create | Villager (Male) |
| 2:48 | Create | Villager (Male) |
| 2:49 | Create | Villager (Male) |
| 3:18 | Create | Villager (Male) |
| 3:18 | Create | Villager (Male) |
| 3:18 | Create | Villager (Male) |
| 3:50 | Build | House |
| 3:53 | Build | House |
| 4:03 | Create | Villager (Male) |
| 4:04 | Create | Villager (Male) |
| 4:04 | Create | Villager (Male) |
| 5:01 | Create | Villager (Male) |
| 5:10 | Create | Villager (Male) |
| 5:10 | Create | Villager (Male) |
| 5:10 | Create | Villager (Male) |
| 5:38 | Build | Mill |
| 6:42 | Research | Feudal Age |
| 6:42 | Research | Feudal Age |
| 7:04 | Create | Villager (Male) |
| 7:17 | Create | Villager (Male) |
| 8:00 | Age | Feudal Age |
| 8:02 | Research | Double-Bit Axe |
| 8:02 | Research | Horse Collar |
| 8:16 | Create | Villager (Male) |
| 8:16 | Create | Villager (Male) |
| 8:21 | Build | House |
| 8:22 | Build | House |
| 8:28 | Create | Villager (Male) |
| 8:29 | Build | Farm |
| 8:33 | Build | Farm |
| 8:52 | Build | Farm |
| 8:54 | Create | Villager (Male) |
| 9:19 | Build | Farm |
| 9:29 | Build | House |
| 9:40 | Create | Villager (Male) |
| 9:42 | Build | Farm |
| 9:53 | Create | Villager (Male) |
| 10:06 | Build | House |
| 10:10 | Build | Farm |
| 10:44 | Create | Villager (Male) |
| 11:09 | Create | Villager (Male) |
| 11:13 | Build | Blacksmith |
| 11:20 | Build | Mining Camp |
| 11:20 | Create | Villager (Male) |
| 11:46 | Create | Villager (Male) |
| 12:02 | Build | Market |
| 12:28 | Create | Villager (Male) |
| 12:32 | Build | Mining Camp |
| 12:48 | Create | Villager (Male) |
| 12:55 | Build | House |
| 12:56 | Build | House |
| 12:56 | Build | House |
| 13:29 | Build | Farm |
| 13:41 | Research | Castle Age |
| 14:26 | Build | House |
| 14:59 | Create | Villager (Male) |
| 14:59 | Create | Villager (Male) |
| 15:06 | Research | Loom |
| 15:17 | Age | Castle Age |
| 15:55 | Build | Castle |
| 15:57 | Research | Fletching |
| 16:01 | Create | Villager (Male) |
| 16:01 | Create | Villager (Male) |
| 16:37 | Create | Villager (Male) |
| 16:38 | Build | Siege Workshop |
| 16:56 | Create | Karambit Warrior ×2 |
| 17:11 | Create | Villager (Male) |
| 17:12 | Create | Karambit Warrior |
| 17:13 | Create | Karambit Warrior |
| 17:13 | Create | Karambit Warrior |
| 17:23 | Create | Battering Ram |
| 17:27 | Build | House |
| 17:31 | Create | Villager (Male) |
| 17:43 | Build | House |
| 17:44 | Build | House |
| 17:44 | Build | House |
| 17:46 | Create | Karambit Warrior |
| 17:46 | Create | Karambit Warrior |
| 17:46 | Create | Karambit Warrior |
| 17:46 | Create | Karambit Warrior |
| 17:57 | Create | Villager (Male) |
| 17:57 | Create | Villager (Male) |
| 18:13 | Build | Farm |
| 18:19 | Create | Battering Ram |
| 18:22 | Create | Karambit Warrior |
| 18:22 | Create | Karambit Warrior |
| 18:41 | Create | Karambit Warrior |
| 18:52 | Create | Battering Ram |
| 18:54 | Create | Karambit Warrior |
| 18:57 | Build | Farm |
| 18:59 | Build | Farm |
| 19:10 | Create | Karambit Warrior |
| 19:13 | Build | House |
| 19:13 | Build | House |
| 19:15 | Build | House |
| 19:16 | Create | Karambit Warrior |
| 19:39 | Create | Battering Ram |
| 19:40 | Create | Karambit Warrior |
| 19:40 | Create | Karambit Warrior |
| 19:49 | Create | Karambit Warrior |
| 19:50 | Create | Karambit Warrior |
| 20:15 | Create | Karambit Warrior |
| 20:16 | Create | Karambit Warrior |
| 20:16 | Create | Karambit Warrior |
| 20:25 | Create | Karambit Warrior |
| 20:44 | Create | Karambit Warrior |
| 20:44 | Create | Karambit Warrior |
| 20:47 | Create | Mangonel |
| 20:53 | Create | Villager (Male) |
| 21:03 | Create | Karambit Warrior |
| 21:16 | Create | Karambit Warrior |
| 21:17 | Create | Karambit Warrior |
| 21:17 | Create | Karambit Warrior |
| 21:19 | Build | Farm |
| 21:20 | Build | Farm |
| 21:22 | Build | Farm |
| 21:22 | Build | Farm |
| 21:28 | Build | Lumber Camp |
| 21:33 | Build | House |
| 21:33 | Build | House |
| 21:36 | Build | Farm |
| 21:38 | Create | Villager (Male) |
| 21:46 | Create | Karambit Warrior |
| 21:53 | Create | Battering Ram |
| 22:01 | Build | Farm |
| 22:07 | Create | Villager (Male) |
| 22:15 | Create | Karambit Warrior |
| 22:19 | Build | Farm |
| 22:41 | Create | Karambit Warrior |
| 22:42 | Create | Karambit Warrior |
| 22:42 | Create | Karambit Warrior |
| 22:42 | Create | Karambit Warrior |
| 22:57 | Create | Karambit Warrior |
| 22:57 | Create | Karambit Warrior |
| 22:59 | Build | Farm |
| 23:01 | Build | Farm |
| 23:06 | Create | Villager (Male) |
| 23:06 | Create | Villager (Male) |
Build order — dst
First 150 of 450 actions detected
| 0:01 | Create | Villager (Male) ×4 |
| 0:03 | Build | House |
| 0:05 | Build | House |
| 1:38 | Create | Villager (Male) |
| 2:06 | Create | Villager (Male) |
| 2:07 | Create | Villager (Male) |
| 2:07 | Create | Villager (Male) |
| 2:38 | Build | Lumber Camp |
| 2:52 | Create | Villager (Male) |
| 2:52 | Create | Villager (Male) |
| 2:53 | Create | Villager (Male) |
| 2:53 | Create | Villager (Male) |
| 3:31 | Build | House |
| 3:35 | Build | House |
| 4:11 | Create | Villager (Male) |
| 4:11 | Create | Villager (Male) |
| 4:11 | Create | Villager (Male) |
| 4:11 | Create | Villager (Male) |
| 4:48 | Create | Villager (Male) |
| 4:48 | Create | Villager (Male) |
| 5:10 | Build | Mill |
| 6:48 | Create | Villager (Male) |
| 7:15 | Create | Villager (Male) |
| 7:15 | Create | Villager (Male) |
| 7:59 | Build | Mining Camp |
| 8:06 | Create | Villager (Male) |
| 8:11 | Build | House |
| 8:31 | Create | Villager (Male) |
| 9:11 | Create | Villager (Male) |
| 9:18 | Research | Loom |
| 9:18 | Research | Feudal Age |
| 12:12 | Age | Feudal Age |
| 12:20 | Build | Market |
| 12:21 | Build | Blacksmith |
| 12:31 | Create | Villager (Male) |
| 12:32 | Create | Villager (Male) |
| 12:36 | Research | Double-Bit Axe |
| 12:38 | Research | Horse Collar |
| 12:40 | Research | Gold Mining |
| 12:48 | Build | Farm |
| 12:49 | Build | Farm |
| 12:49 | Build | Farm |
| 12:49 | Build | Farm |
| 12:49 | Build | Farm |
| 12:50 | Build | Farm |
| 13:10 | Build | House |
| 13:22 | Research | Castle Age |
| 13:27 | Build | House |
| 13:33 | Build | Mining Camp |
| 13:47 | Build | Farm |
| 13:50 | Build | Farm |
| 14:02 | Research | Stone Mining |
| 15:19 | Create | Villager (Male) |
| 15:19 | Create | Villager (Male) |
| 16:02 | Age | Castle Age |
| 16:10 | Build | Town Center |
| 16:13 | Build | Monastery |
| 16:19 | Build | Town Center |
| 16:54 | Create | Villager (Male) |
| 16:54 | Create | Villager (Male) |
| 16:57 | Create | Monk |
| 17:00 | Build | House |
| 17:01 | Build | House |
| 17:02 | Create | Villager (Male) |
| 17:03 | Create | Villager (Male) |
| 17:03 | Create | Villager (Male) |
| 17:32 | Create | Monk |
| 17:49 | Create | Villager (Male) ×5 |
| 18:00 | Build | Farm |
| 18:03 | Build | Farm |
| 18:09 | Build | Farm |
| 18:12 | Create | Villager (Male) |
| 18:14 | Build | Farm |
| 18:16 | Build | Farm |
| 18:21 | Build | House |
| 18:24 | Create | Monk |
| 18:26 | Build | House |
| 18:26 | Create | Villager (Male) |
| 18:51 | Create | Villager (Male) |
| 18:51 | Create | Villager (Male) |
| 18:57 | Build | Farm |
| 19:00 | Build | Farm |
| 19:01 | Create | Villager (Male) |
| 19:30 | Build | Siege Workshop |
| 19:41 | Create | Villager (Male) |
| 19:41 | Create | Villager (Male) |
| 19:41 | Create | Villager (Male) |
| 19:49 | Build | House |
| 19:53 | Build | House |
| 20:19 | Create | Mangonel |
| 20:23 | Build | Castle |
| 20:27 | Create | Villager (Male) |
| 20:28 | Create | Villager (Male) |
| 20:43 | Build | House |
| 20:44 | Build | House |
| 20:48 | Build | Palisade Wall |
| 21:13 | Build | Siege Workshop |
| 21:14 | Create | Villager (Male) |
| 21:14 | Create | Villager (Male) |
| 21:14 | Create | Villager (Male) |
| 21:50 | Create | Mangonel |
| 22:14 | Create | Villager (Male) ×5 |
| 22:14 | Create | Villager (Male) |
| 22:45 | Create | Villager (Male) ×2 |
| 22:45 | Create | Villager (Male) ×2 |
| 23:05 | Create | Villager (Male) |
| 23:05 | Create | Villager (Male) |
| 23:26 | Create | Villager (Male) ×2 |
| 23:38 | Create | Villager (Male) |
| 23:44 | Create | Villager (Male) |
| 24:06 | Create | Villager (Male) |
| 24:09 | Create | Villager (Male) ×4 |
| 24:10 | Create | Villager (Male) |
| 24:14 | Build | Town Center |
| 24:21 | Create | Villager (Male) |
| 24:33 | Create | Villager (Male) |
| 24:33 | Create | Villager (Male) |
| 24:44 | Build | Farm |
| 24:44 | Build | Farm |
| 24:44 | Build | Farm |
| 24:45 | Build | Farm |
| 24:45 | Build | Farm |
| 24:45 | Build | Farm |
| 24:45 | Build | Farm |
| 24:46 | Create | Villager (Male) |
| 24:53 | Build | Lumber Camp |
| 25:01 | Create | Villager (Male) |
| 25:42 | Create | Villager (Male) ×4 |
| 25:55 | Create | Villager (Male) |
| 25:55 | Create | Villager (Male) |
| 26:02 | Build | Farm |
| 26:02 | Build | Farm |
| 26:02 | Build | Farm |
| 26:02 | Build | Farm |
| 26:03 | Build | Farm |
| 26:03 | Build | Farm |
| 26:03 | Build | Farm |
| 26:08 | Research | Bow Saw |
| 26:09 | Research | Heavy Plow |
| 26:10 | Create | Villager (Male) ×5 |
| 26:17 | Create | Monk |
| 26:28 | Create | Villager (Male) |
| 26:28 | Create | Villager (Male) |
| 26:36 | Build | Stone Wall |
| 26:38 | Create | Villager (Male) |
| 26:41 | Build | Farm |
| 27:01 | Create | Villager (Male) |
| 27:02 | Create | Villager (Male) |
| 27:05 | Create | Villager (Male) |
| 27:12 | Build | Farm |
Build order — Avenger
First 150 of 594 actions detected
| 0:02 | Create | Villager (Male) ×4 |
| 0:02 | Create | Villager (Male) ×4 |
| 0:06 | Build | House |
| 0:07 | Build | House |
| 1:33 | Create | Villager (Male) |
| 1:33 | Create | Villager (Male) |
| 1:53 | Build | Lumber Camp |
| 2:10 | Create | Villager (Male) |
| 2:10 | Create | Villager (Male) |
| 2:28 | Create | Villager (Male) |
| 2:49 | Create | Villager (Male) |
| 3:08 | Create | Villager (Male) |
| 3:32 | Build | House |
| 3:42 | Create | Villager (Male) |
| 3:43 | Create | Villager (Male) |
| 4:09 | Build | House |
| 4:16 | Create | Villager (Male) |
| 4:16 | Create | Villager (Male) |
| 4:39 | Build | House |
| 4:55 | Create | Villager (Male) |
| 5:16 | Build | Mill |
| 5:24 | Create | Villager (Male) |
| 5:44 | Create | Villager (Male) |
| 5:44 | Create | Villager (Male) |
| 6:38 | Create | Villager (Male) |
| 6:48 | Build | Farm |
| 7:02 | Create | Villager (Male) |
| 7:02 | Create | Villager (Male) |
| 7:11 | Build | Farm |
| 7:43 | Build | Mining Camp |
| 7:46 | Create | Villager (Male) |
| 7:55 | Build | Farm |
| 8:11 | Research | Loom |
| 8:20 | Research | Feudal Age |
| 8:36 | Create | Villager (Male) |
| 8:38 | Create | Villager (Male) |
| 8:47 | Build | Farm |
| 10:43 | Age | Feudal Age |
| 10:51 | Build | Mining Camp |
| 10:57 | Build | Market |
| 11:17 | Research | Loom |
| 11:45 | Build | Blacksmith |
| 11:58 | Create | Villager (Male) |
| 12:26 | Create | Villager (Male) |
| 13:00 | Research | Castle Age |
| 13:08 | Research | Double-Bit Axe |
| 13:10 | Build | House |
| 13:21 | Create | Villager (Male) |
| 13:21 | Create | Villager (Male) |
| 13:44 | Build | House |
| 14:15 | Build | House |
| 15:40 | Age | Castle Age |
| 15:43 | Build | Castle |
| 16:37 | Create | Villager (Male) |
| 16:37 | Create | Villager (Male) |
| 16:57 | Create | Ratha (Ranged) |
| 16:57 | Create | Ratha (Ranged) |
| 16:57 | Create | Ratha (Ranged) |
| 17:35 | Create | Villager (Male) |
| 17:35 | Create | Villager (Male) |
| 17:42 | Research | Gold Mining |
| 17:57 | Create | Villager (Male) |
| 18:09 | Create | Ratha (Ranged) |
| 18:13 | Build | Farm |
| 18:15 | Research | Horse Collar |
| 18:18 | Research | Bow Saw |
| 18:20 | Build | Farm |
| 18:24 | Build | Farm |
| 18:25 | Create | Ratha (Ranged) |
| 18:31 | Build | Farm |
| 18:37 | Create | Ratha (Ranged) |
| 18:56 | Create | Ratha (Ranged) |
| 19:02 | Create | Villager (Male) |
| 19:10 | Create | Ratha (Ranged) |
| 19:16 | Research | Bow Saw |
| 19:21 | Build | Farm |
| 19:27 | Create | Villager (Male) |
| 19:43 | Build | Farm |
| 19:47 | Create | Ratha (Ranged) |
| 20:11 | Create | Ratha (Ranged) |
| 20:11 | Create | Ratha (Ranged) |
| 20:34 | Create | Ratha (Ranged) |
| 20:34 | Create | Ratha (Ranged) |
| 20:48 | Create | Villager (Male) |
| 20:48 | Create | Villager (Male) |
| 21:15 | Build | Castle |
| 21:18 | Create | Villager (Male) |
| 21:26 | Build | Siege Workshop |
| 21:28 | Create | Villager (Male) |
| 21:46 | Create | Villager (Male) |
| 22:01 | Create | Mangonel |
| 22:20 | Create | Ratha (Ranged) |
| 22:38 | Create | Ratha (Ranged) |
| 22:52 | Create | Villager (Male) |
| 22:57 | Create | Villager (Male) |
| 23:14 | Build | Stone Wall |
| 23:17 | Create | Ratha (Ranged) |
| 23:17 | Create | Ratha (Ranged) |
| 23:30 | Create | Ratha (Ranged) |
| 23:38 | Create | Ratha (Ranged) |
| 23:39 | Create | Villager (Male) |
| 23:51 | Build | Farm |
| 23:58 | Create | Ratha (Ranged) |
| 24:13 | Create | Ratha (Ranged) |
| 24:17 | Create | Villager (Male) |
| 24:34 | Build | Farm |
| 24:48 | Create | Ratha (Ranged) |
| 24:54 | Research | Scale Mail Armor |
| 24:58 | Create | Ratha (Ranged) |
| 25:09 | Research | Padded Archer Armor |
| 25:16 | Create | Ratha (Ranged) |
| 25:18 | Create | Villager (Male) |
| 25:28 | Build | Farm |
| 25:29 | Build | Farm |
| 25:39 | Create | Ratha (Ranged) |
| 25:40 | Create | Villager (Male) |
| 25:51 | Create | Ratha (Ranged) |
| 26:07 | Create | Ratha (Ranged) |
| 26:07 | Create | Villager (Male) |
| 26:07 | Create | Villager (Male) |
| 26:14 | Create | Villager (Male) |
| 26:31 | Create | Villager (Male) |
| 26:31 | Create | Villager (Male) |
| 26:35 | Build | House |
| 26:35 | Build | House |
| 26:36 | Build | House |
| 26:36 | Build | House |
| 26:49 | Create | Ratha (Ranged) |
| 26:54 | Create | Ratha (Ranged) |
| 26:54 | Create | Villager (Male) |
| 27:09 | Create | Ratha (Ranged) |
| 27:09 | Create | Villager (Male) |
| 27:10 | Create | Villager (Male) |
| 27:12 | Build | Farm |
| 27:13 | Build | Farm |
| 27:14 | Build | Farm |
| 27:39 | Create | Ratha (Ranged) |
| 27:49 | Create | Villager (Male) |
| 27:59 | Build | House |
| 28:05 | Build | House |
| 28:07 | Build | House |
| 28:25 | Create | Ratha (Ranged) |
| 28:26 | Create | Ratha (Ranged) |
| 28:33 | Build | Farm |
| 28:34 | Build | Farm |
| 28:41 | Create | Ratha (Ranged) |
| 28:46 | Create | Ratha (Ranged) |
| 28:46 | Create | Villager (Male) |
| 28:46 | Create | Villager (Male) |
| 28:55 | Build | Mining Camp |
Build order — PEPPA
First 150 of 454 actions detected
| 0:00 | Create | Villager (Male) |
| 0:00 | Create | Villager (Male) |
| 0:00 | Create | Villager (Male) |
| 0:00 | Create | Villager (Male) |
| 0:03 | Build | House |
| 0:06 | Build | House |
| 1:30 | Create | Villager (Male) |
| 1:30 | Create | Villager (Male) |
| 1:30 | Create | Villager (Male) |
| 1:59 | Create | Villager (Male) |
| 1:59 | Create | Villager (Male) |
| 1:59 | Create | Villager (Male) |
| 2:10 | Build | Lumber Camp |
| 2:19 | Create | Villager (Male) |
| 2:19 | Create | Villager (Male) |
| 2:56 | Create | Villager (Male) |
| 2:56 | Create | Villager (Male) |
| 2:56 | Create | Villager (Male) |
| 3:14 | Create | Villager (Male) |
| 3:14 | Create | Villager (Male) |
| 3:44 | Create | Villager (Male) |
| 3:57 | Build | House |
| 4:04 | Create | Villager (Male) |
| 4:21 | Build | House |
| 4:25 | Create | Villager (Male) |
| 4:40 | Create | Villager (Male) |
| 4:58 | Create | Villager (Male) |
| 5:13 | Create | Villager (Male) |
| 5:13 | Create | Villager (Male) |
| 5:28 | Create | Villager (Male) |
| 5:58 | Build | Mill |
| 6:20 | Create | Villager (Male) |
| 6:33 | Create | Villager (Male) |
| 6:33 | Create | Villager (Male) |
| 6:43 | Create | Villager (Male) |
| 7:06 | Create | Villager (Male) |
| 7:32 | Build | Farm |
| 7:33 | Create | Villager (Male) |
| 7:36 | Build | Farm |
| 8:15 | Build | House |
| 8:27 | Build | Mining Camp |
| 8:44 | Build | House |
| 9:13 | Research | Feudal Age |
| 9:30 | Build | Farm |
| 10:50 | Create | Villager (Male) |
| 11:23 | Age | Feudal Age |
| 11:25 | Build | Market |
| 11:28 | Build | Blacksmith |
| 11:44 | Create | Villager (Male) |
| 12:13 | Research | Castle Age |
| 12:46 | Research | Double-Bit Axe |
| 14:26 | Create | Villager (Male) |
| 14:26 | Create | Villager (Male) |
| 14:53 | Age | Castle Age |
| 14:58 | Create | Villager (Male) |
| 15:07 | Build | Town Center |
| 15:14 | Build | Town Center |
| 15:30 | Research | Bow Saw |
| 15:32 | Research | Horse Collar |
| 15:53 | Create | Villager (Male) |
| 16:06 | Build | Farm |
| 16:07 | Create | Villager (Male) |
| 16:35 | Create | Villager (Male) |
| 16:35 | Create | Villager (Male) |
| 16:58 | Build | Farm |
| 17:00 | Build | Farm |
| 17:02 | Build | Farm |
| 17:04 | Build | Farm |
| 17:05 | Create | Villager (Male) |
| 17:05 | Create | Villager (Male) |
| 17:05 | Create | Villager (Male) |
| 17:08 | Build | Farm |
| 17:09 | Build | Farm |
| 17:12 | Build | Farm |
| 17:16 | Build | Farm |
| 17:16 | Build | Farm |
| 17:17 | Build | Farm |
| 17:17 | Build | Farm |
| 17:17 | Build | Farm |
| 17:17 | Build | Farm |
| 17:18 | Build | Farm |
| 17:21 | Create | Villager (Male) |
| 17:21 | Create | Villager (Male) |
| 17:36 | Build | Farm |
| 17:38 | Build | Farm |
| 17:39 | Build | Farm |
| 17:44 | Build | Farm |
| 17:50 | Create | Villager (Male) |
| 17:59 | Build | Farm |
| 18:07 | Create | Villager (Male) |
| 18:07 | Create | Villager (Male) |
| 18:07 | Create | Villager (Male) |
| 18:11 | Build | Farm |
| 18:15 | Create | Villager (Male) |
| 18:15 | Create | Villager (Male) |
| 18:15 | Create | Villager (Male) |
| 18:18 | Build | Farm |
| 18:22 | Create | Villager (Male) |
| 18:22 | Create | Villager (Male) |
| 18:22 | Create | Villager (Male) |
| 18:28 | Build | House |
| 18:29 | Create | Villager (Male) |
| 18:29 | Create | Villager (Male) |
| 18:36 | Create | Villager (Male) |
| 18:36 | Create | Villager (Male) |
| 18:36 | Create | Villager (Male) |
| 18:48 | Create | Villager (Male) |
| 18:49 | Create | Villager (Male) |
| 19:07 | Create | Villager (Male) |
| 19:07 | Create | Villager (Male) |
| 19:11 | Build | House |
| 19:23 | Create | Villager (Male) |
| 19:23 | Create | Villager (Male) |
| 19:42 | Create | Villager (Male) |
| 19:42 | Create | Villager (Male) |
| 19:45 | Build | Siege Workshop |
| 19:58 | Create | Villager (Male) |
| 19:58 | Create | Villager (Male) |
| 19:59 | Create | Villager (Male) |
| 20:14 | Create | Villager (Male) |
| 20:15 | Create | Villager (Male) |
| 20:27 | Create | Villager (Male) |
| 20:27 | Create | Villager (Male) |
| 20:27 | Create | Villager (Male) |
| 20:42 | Build | House |
| 20:43 | Build | House |
| 20:57 | Create | Mangonel |
| 20:59 | Build | House |
| 21:00 | Build | House |
| 21:02 | Build | Farm |
| 21:24 | Create | Villager (Male) |
| 21:24 | Create | Villager (Male) |
| 21:25 | Create | Villager (Male) |
| 22:06 | Create | Villager (Male) |
| 22:06 | Create | Villager (Male) |
| 22:06 | Create | Villager (Male) |
| 22:13 | Create | Villager (Male) |
| 22:13 | Create | Villager (Male) |
| 22:13 | Create | Villager (Male) |
| 22:27 | Build | House |
| 22:28 | Create | Villager (Male) |
| 22:28 | Create | Villager (Male) |
| 22:33 | Build | Mining Camp |
| 22:39 | Build | Farm |
| 22:39 | Build | Farm |
| 22:39 | Build | Farm |
| 22:39 | Build | Farm |
| 22:40 | Build | Farm |
| 22:40 | Build | Farm |
| 22:40 | Build | Farm |
Build order — BSL | Afterlife
First 150 of 457 actions detected
| 0:01 | Create | Villager (Male) ×4 |
| 0:03 | Build | House |
| 0:05 | Build | House |
| 1:33 | Create | Villager (Male) |
| 1:44 | Build | Lumber Camp |
| 2:03 | Create | Villager (Male) |
| 2:04 | Create | Villager (Male) |
| 2:44 | Create | Villager (Male) |
| 3:21 | Create | Villager (Male) |
| 3:22 | Create | Villager (Male) |
| 3:33 | Build | House |
| 4:01 | Build | House |
| 4:09 | Create | Villager (Male) |
| 4:09 | Create | Villager (Male) |
| 4:40 | Build | Mill |
| 4:58 | Create | Villager (Male) |
| 5:10 | Create | Villager (Male) |
| 5:10 | Create | Villager (Male) |
| 6:12 | Create | Villager (Male) |
| 6:39 | Create | Villager (Male) |
| 6:54 | Create | Villager (Male) |
| 7:23 | Build | Farm |
| 7:24 | Build | Farm |
| 7:26 | Build | Farm |
| 7:27 | Build | Farm |
| 7:30 | Create | Villager (Male) |
| 7:45 | Create | Villager (Male) |
| 8:10 | Create | Villager (Male) |
| 8:20 | Research | Feudal Age |
| 8:28 | Build | Mining Camp |
| 10:13 | Create | Villager (Male) |
| 10:30 | Build | House |
| 10:56 | Age | Feudal Age |
| 11:13 | Build | Market |
| 11:16 | Build | Blacksmith |
| 11:22 | Create | Villager (Male) |
| 12:03 | Research | Castle Age |
| 12:22 | Research | Double-Bit Axe |
| 12:24 | Research | Horse Collar |
| 12:53 | Build | House |
| 13:39 | Build | Barracks |
| 14:21 | Build | Stable |
| 14:22 | Create | Spearman |
| 14:24 | Create | Villager (Male) |
| 14:43 | Age | Castle Age |
| 14:46 | Build | Monastery |
| 14:52 | Create | Villager (Male) |
| 15:07 | Build | Town Center |
| 15:17 | Create | Scout Cavalry |
| 15:20 | Build | House |
| 15:31 | Create | Monk |
| 15:31 | Create | Monk |
| 15:36 | Create | Villager (Male) |
| 15:41 | Build | Farm |
| 15:51 | Create | Spearman |
| 15:56 | Create | Villager (Male) |
| 16:06 | Build | House |
| 16:19 | Create | Villager (Male) |
| 16:44 | Build | Town Center |
| 16:56 | Create | Villager (Male) |
| 16:56 | Create | Villager (Male) |
| 16:56 | Create | Villager (Male) |
| 16:57 | Create | Villager (Male) |
| 17:00 | Build | Farm |
| 17:10 | Build | House |
| 17:11 | Build | Farm |
| 17:41 | Create | Villager (Male) |
| 17:41 | Create | Villager (Male) |
| 17:41 | Create | Villager (Male) |
| 17:42 | Create | Villager (Male) |
| 17:46 | Build | House |
| 17:53 | Build | Farm |
| 17:53 | Build | Farm |
| 17:54 | Create | Villager (Male) |
| 17:54 | Create | Villager (Male) |
| 17:55 | Create | Villager (Male) |
| 18:06 | Build | Farm |
| 18:07 | Build | Farm |
| 18:16 | Build | Farm |
| 18:20 | Build | House |
| 18:31 | Build | Lumber Camp |
| 18:39 | Build | Farm |
| 18:44 | Create | Villager (Male) |
| 18:50 | Build | Farm |
| 18:54 | Build | House |
| 19:02 | Create | Villager (Male) |
| 19:09 | Create | Villager (Male) |
| 19:10 | Create | Villager (Male) |
| 19:17 | Build | Farm |
| 19:18 | Build | Farm |
| 19:19 | Build | Farm |
| 19:24 | Build | House |
| 19:26 | Create | Villager (Male) |
| 19:37 | Create | Villager (Male) |
| 19:45 | Build | Farm |
| 19:49 | Build | Farm |
| 19:49 | Build | Farm |
| 19:49 | Build | Farm |
| 19:49 | Build | Farm |
| 20:09 | Create | Villager (Male) |
| 20:09 | Create | Villager (Male) |
| 20:09 | Create | Villager (Male) |
| 20:12 | Build | House |
| 20:23 | Create | Villager (Male) |
| 20:31 | Create | Villager (Male) |
| 20:35 | Build | Farm |
| 20:36 | Build | Farm |
| 20:36 | Build | Farm |
| 20:36 | Build | Farm |
| 20:37 | Build | Farm |
| 20:37 | Build | Farm |
| 20:37 | Build | Farm |
| 20:37 | Build | Farm |
| 20:44 | Create | Villager (Male) |
| 20:46 | Build | House |
| 20:46 | Build | House |
| 20:58 | Create | Villager (Male) |
| 20:58 | Create | Villager (Male) |
| 21:13 | Create | Villager (Male) |
| 21:13 | Create | Villager (Male) |
| 21:18 | Build | Siege Workshop |
| 21:25 | Create | Villager (Male) |
| 21:29 | Build | Lumber Camp |
| 21:41 | Create | Villager (Male) |
| 21:42 | Create | Villager (Male) |
| 21:51 | Build | House |
| 21:54 | Create | Villager (Male) |
| 21:54 | Create | Villager (Male) |
| 22:05 | Research | Bow Saw |
| 22:06 | Research | Heavy Plow |
| 22:17 | Create | Villager (Male) |
| 22:17 | Create | Villager (Male) |
| 22:27 | Create | Villager (Male) |
| 22:27 | Create | Villager (Male) |
| 22:35 | Create | Villager (Male) |
| 22:39 | Build | House |
| 22:40 | Create | Mangonel |
| 22:46 | Build | House |
| 22:47 | Create | Villager (Male) |
| 22:47 | Create | Villager (Male) |
| 22:51 | Build | Farm |
| 22:51 | Build | Farm |
| 22:52 | Build | Farm |
| 22:52 | Build | Farm |
| 22:52 | Build | Farm |
| 22:53 | Build | Farm |
| 23:09 | Create | Scorpion |
| 23:26 | Create | Villager (Male) |
| 23:27 | Create | Villager (Male) |
| 23:29 | Build | House |
Build order — pints007
First 150 of 473 actions detected
| 0:01 | Create | Villager (Male) |
| 0:01 | Create | Villager (Male) |
| 0:01 | Create | Villager (Male) |
| 0:04 | Build | House |
| 0:06 | Build | House |
| 0:50 | Build | Mill |
| 0:59 | Create | Villager (Male) |
| 1:42 | Create | Villager (Male) |
| 2:06 | Create | Villager (Male) |
| 2:24 | Create | Villager (Male) |
| 2:44 | Create | Villager (Male) |
| 3:07 | Create | Villager (Male) |
| 3:24 | Create | Villager (Male) |
| 3:29 | Build | House |
| 3:30 | Build | House |
| 4:03 | Create | Villager (Male) ×2 |
| 4:24 | Build | Lumber Camp |
| 4:49 | Create | Villager (Male) |
| 5:18 | Create | Villager (Male) ×3 |
| 6:25 | Create | Villager (Male) ×3 |
| 6:29 | Build | House |
| 6:39 | Create | Villager (Male) |
| 7:01 | Build | Farm |
| 7:30 | Build | Farm |
| 7:54 | Build | Farm |
| 8:05 | Create | Villager (Male) |
| 8:05 | Create | Villager (Male) |
| 8:30 | Build | Mining Camp |
| 8:54 | Create | Villager (Male) |
| 8:59 | Research | Feudal Age |
| 9:41 | Build | Farm |
| 10:30 | Build | Barracks |
| 11:09 | Create | Villager (Male) |
| 11:09 | Create | Villager (Male) |
| 11:22 | Age | Feudal Age |
| 11:29 | Build | Stable |
| 11:40 | Create | Villager (Male) |
| 11:52 | Build | Blacksmith |
| 12:27 | Research | Castle Age |
| 12:31 | Research | Double-Bit Axe |
| 12:47 | Build | House |
| 13:02 | Create | Camel Scout |
| 13:09 | Research | Horse Collar |
| 13:22 | Build | Farm |
| 13:26 | Build | Farm |
| 13:32 | Build | House |
| 14:13 | Build | House |
| 15:17 | Age | Castle Age |
| 15:22 | Build | Siege Workshop |
| 15:27 | Create | Villager (Male) |
| 15:27 | Create | Villager (Male) |
| 15:35 | Build | Town Center |
| 15:47 | Build | Lumber Camp |
| 16:06 | Create | Villager (Male) |
| 16:06 | Create | Villager (Male) |
| 16:29 | Create | Armored Elephant |
| 16:29 | Create | Armored Elephant |
| 16:36 | Create | Villager (Male) |
| 16:36 | Create | Villager (Male) |
| 16:41 | Research | Bow Saw |
| 17:04 | Build | Farm |
| 17:05 | Build | Farm |
| 17:09 | Build | Farm |
| 17:14 | Build | Farm |
| 17:16 | Create | Villager (Male) |
| 17:16 | Create | Villager (Male) |
| 17:16 | Create | Villager (Male) |
| 17:21 | Build | Farm |
| 17:27 | Build | Farm |
| 17:40 | Build | Farm |
| 17:41 | Build | Farm |
| 17:47 | Build | Farm |
| 17:51 | Create | Villager (Male) |
| 17:53 | Create | Villager (Male) |
| 18:02 | Build | Farm |
| 18:23 | Create | Mangonel |
| 18:26 | Create | Villager (Male) |
| 18:26 | Create | Villager (Male) |
| 18:26 | Create | Villager (Male) |
| 18:27 | Create | Villager (Male) |
| 18:32 | Build | House |
| 18:33 | Build | House |
| 18:39 | Build | Farm |
| 18:52 | Build | Farm |
| 18:53 | Build | Farm |
| 18:58 | Create | Villager (Male) |
| 18:58 | Create | Villager (Male) |
| 18:58 | Create | Villager (Male) |
| 18:59 | Create | Villager (Male) |
| 19:22 | Create | Armored Elephant |
| 19:22 | Create | Armored Elephant |
| 19:41 | Build | Town Center |
| 19:53 | Create | Shrivamsha Rider |
| 19:58 | Create | Villager (Male) |
| 19:58 | Create | Villager (Male) |
| 19:58 | Create | Villager (Male) |
| 20:05 | Build | Farm |
| 20:05 | Build | Farm |
| 20:05 | Build | Farm |
| 20:06 | Build | Farm |
| 20:06 | Build | Farm |
| 20:06 | Build | Farm |
| 20:51 | Create | Villager (Male) |
| 20:51 | Create | Villager (Male) |
| 20:51 | Create | Villager (Male) |
| 20:52 | Create | Villager (Male) |
| 20:52 | Create | Villager (Male) |
| 21:16 | Create | Villager (Male) |
| 21:16 | Create | Villager (Male) |
| 21:17 | Create | Villager (Male) |
| 21:17 | Create | Villager (Male) |
| 21:22 | Build | Farm |
| 21:23 | Build | Farm |
| 21:24 | Build | Farm |
| 21:59 | Create | Armored Elephant |
| 22:00 | Create | Armored Elephant |
| 22:18 | Create | Villager (Male) |
| 22:18 | Create | Villager (Male) |
| 22:19 | Create | Villager (Male) |
| 22:19 | Create | Villager (Male) |
| 22:19 | Create | Villager (Male) |
| 22:30 | Build | Market |
| 22:38 | Build | Farm |
| 23:03 | Research | Wheelbarrow |
| 23:13 | Build | Town Center |
| 23:19 | Build | House |
| 23:19 | Build | House |
| 23:37 | Create | Villager (Male) |
| 23:37 | Create | Villager (Male) |
| 23:37 | Create | Villager (Male) |
| 23:37 | Create | Villager (Male) |
| 23:38 | Create | Villager (Male) |
| 23:48 | Research | Heavy Plow |
| 23:54 | Build | Farm |
| 23:55 | Build | Farm |
| 23:55 | Build | Farm |
| 23:55 | Build | Farm |
| 23:55 | Build | Farm |
| 23:56 | Build | Farm |
| 23:56 | Build | Farm |
| 23:56 | Build | Farm |
| 23:57 | Build | Farm |
| 23:57 | Build | Farm |
| 23:57 | Build | Farm |
| 23:57 | Build | Farm |
| 24:00 | Create | Villager (Male) |
| 24:00 | Create | Villager (Male) |
| 24:01 | Create | Villager (Male) |
| 24:01 | Create | Villager (Male) |
| 24:01 | Create | Villager (Male) |
Build order — FraGStaR
First 150 of 539 actions detected
| 0:04 | Create | Villager (Male) |
| 0:04 | Create | Villager (Male) |
| 0:04 | Create | Villager (Male) |
| 0:04 | Create | Villager (Male) |
| 0:06 | Build | House |
| 0:08 | Build | House |
| 1:43 | Create | Villager (Male) |
| 2:04 | Create | Villager (Male) |
| 2:04 | Create | Villager (Male) |
| 2:14 | Build | Lumber Camp |
| 2:46 | Create | Villager (Male) |
| 3:05 | Build | House |
| 3:24 | Create | Villager (Male) |
| 3:37 | Create | Villager (Male) |
| 3:56 | Create | Villager (Male) |
| 4:33 | Create | Villager (Male) |
| 4:51 | Create | Villager (Male) |
| 5:13 | Create | Villager (Male) |
| 5:26 | Build | Mill |
| 5:29 | Create | Villager (Male) |
| 5:41 | Create | Villager (Male) |
| 5:54 | Build | House |
| 6:17 | Create | Villager (Male) |
| 6:36 | Create | Villager (Male) |
| 6:49 | Create | Villager (Male) |
| 6:51 | Create | Villager (Male) |
| 6:52 | Create | Villager (Male) |
| 6:52 | Create | Villager (Male) |
| 7:04 | Build | House |
| 7:43 | Build | House |
| 9:04 | Research | Feudal Age |
| 9:12 | Build | Mining Camp |
| 11:17 | Create | Villager (Male) |
| 11:17 | Create | Villager (Male) |
| 11:24 | Age | Feudal Age |
| 11:32 | Build | Market |
| 11:37 | Build | Blacksmith |
| 12:22 | Research | Castle Age |
| 12:31 | Build | Farm |
| 12:34 | Build | Farm |
| 12:37 | Build | Farm |
| 12:51 | Build | Farm |
| 12:54 | Build | Farm |
| 12:58 | Build | Farm |
| 13:14 | Build | Farm |
| 13:30 | Research | Horse Collar |
| 13:32 | Research | Double-Bit Axe |
| 14:29 | Research | Loom |
| 15:02 | Age | Castle Age |
| 15:12 | Build | Town Center |
| 15:28 | Create | Villager (Male) |
| 15:28 | Create | Villager (Male) |
| 15:36 | Build | Town Center |
| 15:47 | Build | Farm |
| 15:49 | Build | Farm |
| 15:50 | Build | Farm |
| 15:52 | Build | Farm |
| 16:16 | Create | Villager (Male) |
| 16:18 | Create | Villager (Male) |
| 16:25 | Create | Villager (Male) |
| 16:37 | Build | Farm |
| 16:37 | Build | Farm |
| 16:37 | Build | Farm |
| 16:37 | Build | Farm |
| 16:38 | Build | Farm |
| 16:49 | Research | Wheelbarrow |
| 16:57 | Create | Villager (Male) |
| 16:58 | Create | Villager (Male) |
| 17:02 | Create | Villager (Male) |
| 17:02 | Create | Villager (Male) |
| 17:07 | Build | Farm |
| 17:08 | Build | Farm |
| 17:08 | Build | Farm |
| 17:09 | Build | Farm |
| 17:09 | Build | Farm |
| 17:13 | Create | Villager (Male) |
| 17:22 | Build | Farm |
| 17:22 | Build | Farm |
| 17:29 | Build | House |
| 17:31 | Build | House |
| 17:33 | Build | House |
| 17:35 | Create | Villager (Male) |
| 17:51 | Create | Villager (Male) |
| 18:06 | Create | Villager (Male) |
| 18:06 | Create | Villager (Male) |
| 18:16 | Create | Villager (Male) |
| 18:21 | Build | Farm |
| 18:22 | Build | Farm |
| 18:22 | Build | Farm |
| 18:26 | Build | Farm |
| 18:28 | Build | Farm |
| 18:30 | Create | Villager (Male) |
| 18:30 | Create | Villager (Male) |
| 18:42 | Create | Villager (Male) |
| 18:52 | Build | Farm |
| 18:53 | Create | Villager (Male) |
| 19:09 | Create | Villager (Male) |
| 19:10 | Create | Villager (Male) |
| 19:10 | Create | Villager (Male) |
| 19:19 | Build | House |
| 19:20 | Create | Villager (Male) |
| 19:22 | Create | Villager (Male) |
| 19:27 | Create | Villager (Male) |
| 19:31 | Build | House |
| 19:33 | Build | House |
| 19:34 | Create | Villager (Male) |
| 19:42 | Create | Villager (Male) |
| 19:43 | Create | Villager (Male) |
| 19:58 | Create | Villager (Male) |
| 20:03 | Create | Villager (Male) |
| 20:08 | Research | Heavy Plow |
| 20:17 | Research | Bow Saw |
| 20:25 | Build | Farm |
| 20:25 | Build | Farm |
| 20:26 | Build | Farm |
| 20:32 | Create | Villager (Male) |
| 20:40 | Create | Villager (Male) |
| 20:43 | Create | Villager (Male) |
| 20:45 | Create | Villager (Male) |
| 20:47 | Create | Villager (Male) |
| 20:52 | Create | Villager (Male) |
| 21:00 | Build | House |
| 21:01 | Build | House |
| 21:02 | Build | House |
| 21:03 | Build | House |
| 21:04 | Build | House |
| 21:05 | Create | Villager (Male) |
| 21:15 | Create | Villager (Male) |
| 21:17 | Create | Villager (Male) |
| 21:18 | Create | Villager (Male) |
| 21:36 | Build | Mill |
| 21:37 | Build | Farm |
| 21:37 | Build | Farm |
| 21:38 | Build | Farm |
| 21:38 | Build | Farm |
| 21:38 | Build | Farm |
| 21:38 | Build | Farm |
| 21:39 | Build | Farm |
| 21:39 | Build | Farm |
| 21:39 | Build | Farm |
| 21:40 | Build | Farm |
| 21:40 | Build | Farm |
| 21:40 | Build | Farm |
| 21:40 | Build | Farm |
| 21:41 | Build | Farm |
| 21:41 | Build | Farm |
| 21:46 | Create | Villager (Male) |
| 21:47 | Create | Villager (Male) |
| 21:51 | Create | Villager (Male) |
| 22:00 | Create | Villager (Male) |
Match timeline
| 8:00 | Morty2 · age_up feudal |
| 9:11 | TRush · first_building Barracks |
| 10:30 | pints007 · first_building Barracks |
| 10:43 | Avenger · age_up feudal |
| 10:56 | BSL | Afterlife · age_up feudal |
| 11:22 | pints007 · age_up feudal |
| 11:23 | PEPPA · age_up feudal |
| 11:24 | FraGStaR · age_up feudal |
| 11:29 | pints007 · first_building Stable |
| 11:40 | TRush · age_up feudal |
| 11:52 | TRush · first_building Archery Range |
| 12:12 | dst · age_up feudal |
| 13:05 | Morty2 · first_market_sell 100 wood |
| 13:39 | BSL | Afterlife · first_building Barracks |
| 14:21 | BSL | Afterlife · first_building Stable |
| 14:43 | BSL | Afterlife · age_up castle |
| 14:46 | BSL | Afterlife · first_building Monastery |
| 14:53 | PEPPA · age_up castle |
| 15:02 | FraGStaR · age_up castle |
| 15:17 | Morty2 · age_up castle |
| 15:17 | pints007 · age_up castle |
| 15:22 | pints007 · first_building Siege Workshop |
| 15:40 | Avenger · age_up castle |
| 15:43 | Avenger · first_building Castle |
| 15:55 | Morty2 · first_building Castle |
| 16:02 | dst · age_up castle |
| 16:04 | TRush · age_up castle |
| 16:13 | dst · first_building Monastery |
| 16:38 | Morty2 · first_building Siege Workshop |
| 18:06 | PEPPA · first_market_buy 100 food |
| 19:09 | BSL | Afterlife · first_market_buy 100 food |
| 19:30 | dst · first_building Siege Workshop |
| 19:45 | PEPPA · first_building Siege Workshop |
| 20:23 | dst · first_building Castle |
| 20:48 | dst · wall_segment Palisade Wall x1 |
| 21:10 | Avenger · first_market_buy 100 stone |
| 21:18 | BSL | Afterlife · first_building Siege Workshop |
| 21:26 | Avenger · first_building Siege Workshop |
| 22:29 | FraGStaR · first_building Barracks |
| 23:08 | pints007 · first_market_buy 100 stone |
| 23:14 | Avenger · wall_segment Stone Wall x26 |
| 23:53 | FraGStaR · first_building Archery Range |
| 24:09 | dst · first_market_buy 500 food |
| 24:10 | Morty2 · first_market_buy 500 food |
| 25:53 | FraGStaR · first_building Monastery |
| 26:36 | dst · wall_segment Stone Wall x1 |
| 28:37 | pints007 · first_market_sell 100 wood |
| 28:46 | FraGStaR · first_building Castle |
| 28:50 | PEPPA · first_building Barracks |
| 29:05 | BSL | Afterlife · age_up imperial |
| 29:06 | pints007 · first_building Monastery |
| 29:39 | FraGStaR · age_up imperial |
| 29:44 | PEPPA · first_building Archery Range |
| 29:49 | PEPPA · first_building Stable |
| 29:59 | dst · first_market_sell 100 stone |
| 30:34 | PEPPA · first_building Castle |
| 30:38 | dst · wall_segment Stone Wall x6 |
| 30:46 | dst · wall_segment Stone Wall x7 |
| 30:46 | FraGStaR · first_market_sell 500 food |
| 31:06 | PEPPA · age_up imperial |
| 31:11 | dst · wall_segment Stone Wall x5 |
| 31:14 | dst · wall_segment Stone Wall x1 |
| 31:20 | dst · wall_segment Stone Wall x1 |
| 31:47 | dst · first_building Barracks |
| 31:50 | PEPPA · first_market_sell 500 wood |
| 32:07 | FraGStaR · first_building Stable |
| 32:09 | dst · wall_segment Stone Wall x1 |
| 32:11 | TRush · first_building Monastery |
| 32:11 | dst · wall_segment Stone Wall x1 |
| 32:44 | dst · wall_segment Stone Wall x1 |
| 32:46 | dst · wall_segment Stone Wall x1 |
| 33:04 | pints007 · age_up imperial |
| 33:13 | dst · age_up imperial |
| 33:27 | pints007 · first_building Castle |
| 34:25 | Avenger · wall_segment Stone Wall x1 |
| 34:43 | BSL | Afterlife · first_building Castle |
| 35:25 | Morty2 · first_building Barracks |
| 35:41 | PEPPA · tribute_sent a jugador 1 |
| 35:41 | PEPPA · tribute_sent a jugador 2 |
| 35:41 | PEPPA · tribute_sent a jugador 3 |
| 35:41 | PEPPA · tribute_sent a jugador 5 |
| 35:41 | PEPPA · tribute_sent a jugador 6 |
| 35:41 | PEPPA · tribute_sent a jugador 7 |
| 35:41 | PEPPA · tribute_sent a jugador 8 |
| 35:54 | TRush · first_market_buy 100 wood |
| 35:57 | PEPPA · tribute_sent a jugador 1 |
| 35:57 | PEPPA · tribute_sent a jugador 2 |
| 35:57 | PEPPA · tribute_sent a jugador 3 |
| 35:57 | PEPPA · tribute_sent a jugador 5 |
| 35:57 | PEPPA · tribute_sent a jugador 6 |
| 35:57 | PEPPA · tribute_sent a jugador 7 |
| 35:57 | PEPPA · tribute_sent a jugador 8 |
| 36:23 | TRush · age_up imperial |
| 36:52 | Morty2 · age_up imperial |
| 37:14 | FraGStaR · tribute_sent a jugador 1 |
| 37:14 | FraGStaR · tribute_sent a jugador 2 |
| 37:14 | FraGStaR · tribute_sent a jugador 3 |
| 37:14 | FraGStaR · tribute_sent a jugador 4 |
| 37:14 | FraGStaR · tribute_sent a jugador 5 |
| 37:14 | FraGStaR · tribute_sent a jugador 6 |
| 37:14 | FraGStaR · tribute_sent a jugador 7 |
| 37:45 | Avenger · age_up imperial |
| 37:56 | Morty2 · wall_segment Stone Wall x10 |
| 37:58 | Morty2 · wall_segment Stone Wall x9 |
| 38:11 | dst · first_building Stable |
| 39:30 | TRush · first_building Castle |
| 39:57 | PEPPA · tribute_sent a jugador 1 |
| 39:57 | PEPPA · tribute_sent a jugador 2 |
| 39:57 | PEPPA · tribute_sent a jugador 3 |
| 39:57 | PEPPA · tribute_sent a jugador 5 |
| 39:57 | PEPPA · tribute_sent a jugador 6 |
| 39:57 | PEPPA · tribute_sent a jugador 7 |
| 39:57 | PEPPA · tribute_sent a jugador 8 |
| 40:01 | BSL | Afterlife · first_building Archery Range |
| 41:25 | TRush · tribute_sent a jugador 1 |
| 41:25 | TRush · tribute_sent a jugador 2 |
| 41:25 | TRush · tribute_sent a jugador 3 |
| 41:25 | TRush · tribute_sent a jugador 4 |
| 41:25 | TRush · tribute_sent a jugador 6 |
| 41:25 | TRush · tribute_sent a jugador 7 |
| 41:25 | TRush · tribute_sent a jugador 8 |
| 42:10 | PEPPA · tribute_sent a jugador 1 |
| 42:10 | PEPPA · tribute_sent a jugador 2 |
| 42:10 | PEPPA · tribute_sent a jugador 3 |
| 42:10 | PEPPA · tribute_sent a jugador 5 |
| 42:10 | PEPPA · tribute_sent a jugador 6 |
| 42:10 | PEPPA · tribute_sent a jugador 7 |
| 42:10 | PEPPA · tribute_sent a jugador 8 |
| 42:21 | Morty2 · first_building Archery Range |
| 42:25 | Avenger · first_building Barracks |
| 43:12 | Avenger · first_building Archery Range |
| 44:00 | BSL | Afterlife · tribute_sent a jugador 1 |
| 44:00 | BSL | Afterlife · tribute_sent a jugador 2 |
| 44:00 | BSL | Afterlife · tribute_sent a jugador 3 |
| 44:00 | BSL | Afterlife · tribute_sent a jugador 4 |
| 44:00 | BSL | Afterlife · tribute_sent a jugador 5 |
| 44:00 | BSL | Afterlife · tribute_sent a jugador 7 |
| 44:00 | BSL | Afterlife · tribute_sent a jugador 8 |
| 44:14 | Avenger · first_building Stable |
| 44:40 | TRush · tribute_sent a jugador 1 |
| 44:40 | TRush · tribute_sent a jugador 2 |
| 44:40 | TRush · tribute_sent a jugador 3 |
| 44:40 | TRush · tribute_sent a jugador 4 |
| 44:40 | TRush · tribute_sent a jugador 6 |
| 44:40 | TRush · tribute_sent a jugador 7 |
| 44:40 | TRush · tribute_sent a jugador 8 |
| 48:25 | Avenger · first_market_sell 500 food |
| 48:53 | PEPPA · tribute_sent a jugador 1 |
| 48:53 | PEPPA · tribute_sent a jugador 2 |
| 48:53 | PEPPA · tribute_sent a jugador 3 |
| 48:53 | PEPPA · tribute_sent a jugador 5 |
| 48:54 | PEPPA · tribute_sent a jugador 6 |
| 48:54 | PEPPA · tribute_sent a jugador 7 |
| 48:54 | PEPPA · tribute_sent a jugador 8 |
| 49:54 | BSL | Afterlife · tribute_sent a jugador 1 |
| 49:54 | BSL | Afterlife · tribute_sent a jugador 2 |
| 49:54 | BSL | Afterlife · tribute_sent a jugador 3 |
| 49:54 | BSL | Afterlife · tribute_sent a jugador 4 |
| 49:54 | BSL | Afterlife · tribute_sent a jugador 5 |
| 49:54 | BSL | Afterlife · tribute_sent a jugador 7 |
| 49:54 | BSL | Afterlife · tribute_sent a jugador 8 |
| 50:11 | PEPPA · tribute_sent a jugador 1 |
| 50:11 | PEPPA · tribute_sent a jugador 2 |
| 50:11 | PEPPA · tribute_sent a jugador 3 |
| 50:11 | PEPPA · tribute_sent a jugador 5 |
| 50:11 | PEPPA · tribute_sent a jugador 6 |
| 50:11 | PEPPA · tribute_sent a jugador 7 |
| 50:11 | PEPPA · tribute_sent a jugador 8 |
| 54:07 | Morty2 · resign |
[ AI ANALYSIS · 1 CREDIT ]
What really happened in this match?
Wolo.gg analyzes every decision: build order, eco, micro, common mistakes by bracket. Personalized analysis on WhatsApp or Discord in 30 seconds.
Civ guide
Muisca
Perfil
Jugador #3153454